AoeStats
← JocZilla

Arena

505137349Analyzed
4v4 RM · 24d ago on Sep 8, 2026· 54m 1s· 8 players
Game mode
Random Map
Map size
Large (8 player)
Population
200
Speed
Normal
Resources
Standard
Victory
Conquest
Starting age
Dark Age
Ending age
Imperial Age
RankedLock teamsTeams togetherTeam positionsShared explorationLock speedFull tech treeHidden civsTurbo modeCheats
Victory
Defeat
🇦🇷 Khmer · Argentina
1030
+12
🇦🇷 Goths · Argentina
912
+17
🇦🇷 Bohemians · Argentina
888
+18
🇦🇷 Turks · Argentina
776
+22
🇲🇽 Franks · Mexico
960
-52
🇨🇭 Britons · Switzerland
943
-18
🇺🇸 Goths · United States
940
-18
🇦🇷 Persians · Argentina
847
-14
MonjeCarlos
9:41 Loom
12:52 Feudal Age
13:38 Double-Bit Axe
16:41 Castle Age
14:24 Horse Collar
14:53 Double-Bit Axe
18:34 Bow Saw
20:16 Chemistry
21:05 Heavy Plow
30:40 Murder Holes
31:06 Ballistics
30:27 Treadmill Crane
32:59 Town Watch
33:34 Fletching
35:19 Wheelbarrow
38:54 Imperial Age
36:34 Padded Archer Armor
38:00 Hand Cart
37:53 Scale Mail Armor
38:16 Caravan
40:51 Conscription
41:58 Town Patrol
42:15 Chain Mail Armor
42:10 Forging
42:35 Pikeman
43:16 Squires
44:07 Sappers
46:07 Halberdier
47:32 Houfnice
T'rompí
8:06 Loom
10:58 Feudal Age
11:27 Horse Collar
11:37 Double-Bit Axe
17:50 Castle Age
17:19 Gold Mining
18:39 Man-at-Arms
19:19 Squires
24:35 Long Swordsman
38:17 Ballistics
39:28 Fervor
39:52 Bow Saw
40:48 Wheelbarrow
40:01 Town Watch
41:37 Murder Holes
43:37 Caravan
44:11 Hand Cart
46:35 Heavy Plow
49:12 Imperial Age
46:41 Stone Mining
47:06 Masonry
46:59 Town Patrol
48:16 Anarchy
48:45 Forging
48:36 Scale Mail Armor
48:05 Pikeman
49:20 Halberdier
49:22 Two-Handed Swordsman
49:24 Capped Ram
50:07 Perfusion
50:29 Conscription
50:33 Champion
Boris.npc
10:56 Feudal Age
15:00 Castle Age
13:13 Double-Bit Axe
14:21 Horse Collar
21:54 Loom
24:45 Town Watch
27:30 Husbandry
27:41 Bloodlines
35:28 Imperial Age
33:11 Bow Saw
32:53 Gold Mining
33:48 Scale Barding Armor
33:54 Forging
33:35 Fletching
33:21 Pikeman
34:03 Padded Archer Armor
37:13 Chemistry
36:34 Ballistics
36:20 Siege Engineers
36:54 Iron Casting
36:40 Chain Barding Armor
35:43 Halberdier
37:16 Scale Mail Armor
37:59 Conscription
38:05 Heavy Scorpion
38:29 Elite Ballista Elephant
39:11 Double Crossbow
40:11 Light Cavalry
42:32 Heavy Plow
43:08 Gold Shaft Mining
42:24 Stone Mining
43:06 Elite Ballista Elephant
45:55 Blast Furnace
44:51 Bodkin Arrow
54:59 Wheelbarrow
54:25 Town Patrol
Rulo14
6:44 Loom
10:15 Feudal Age
15:18 Castle Age
19:19 Double-Bit Axe
27:24 Imperial Age
26:22 Gold Mining
29:22 Fletching
31:58 Elite Janissary
32:41 Bodkin Arrow
34:57 Ballistics
38:47 Gold Shaft Mining
38:24 Bow Saw
42:07 Thumb Ring
46:54 Murder Holes
47:12 Bracer
47:12 Padded Archer Armor
eduhuitzil
2:18 Loom
12:45 Feudal Age
17:51 Castle Age
19:03 Husbandry
20:22 Double-Bit Axe
20:33 Town Watch
22:23 Wheelbarrow
24:00 Scale Barding Armor
24:05 Forging
25:05 Chain Barding Armor
27:51 Hand Cart
28:43 Chain Barding Armor
31:37 Imperial Age
29:16 Gold Mining
29:16 Stone Mining
29:22 Stone Mining
29:43 Bow Saw
33:09 Chain Barding Armor
33:25 Iron Casting
32:20 Cavalier
33:21 Chain Barding Armor
33:37 Iron Casting
33:46 Chivalry
35:17 Plate Barding Armor
36:28 Blast Furnace
35:07 Paladin
38:40 Blast Furnace
39:59 Conscription
40:15 Hoardings
40:17 Fletching
40:28 Padded Archer Armor
50:52 Ballistics
ReynaldDeZureich
11:49 Feudal Age
16:07 Castle Age
14:20 Double-Bit Axe
16:35 Fletching
17:39 Bodkin Arrow
18:17 Bow Saw
17:59 Gold Mining
19:48 Wheelbarrow
25:47 Gold Shaft Mining
HEAD__SHOT
1:03 Loom
11:19 Feudal Age
13:29 Wheelbarrow
12:43 Double-Bit Axe
12:51 Gold Mining
13:15 Horse Collar
20:11 Castle Age
18:25 Stone Mining
22:51 Hand Cart
23:16 Fletching
23:59 Heavy Plow
25:18 Bow Saw
26:36 Fervor
29:01 Kamandaran
29:07 Bodkin Arrow
29:37 Thumb Ring
28:55 Crossbowman
JocZilla
Connection lost

Rejoining the realm…

Still unreachable

The connection could not be restored.

Session expired

The server has moved on; the page needs a fresh start.